 Dungeon Crawl Stone Soup version 0.28.0-53-g5a82cb258f (webtiles) character file.

Game seed: 879748859021464714

130 Descartes the Shield-Bearer (level 5, -3/41 HPs)
             Began as a Formicid Fighter on Aug 21, 2022.
             Killed from afar by Sigmund (10 damage)
             ... with a puff of flame
             ... on level 2 of the Dungeon.
             The game lasted 00:04:46 (2165 turns).

Descartes the Shield-Bearer (Formicid Fighter)      Turns: 2165, Time: 00:04:47

Health: -3/41      AC:  9    Str: 22    XL:     5   Next: 36%
Magic:  5/5        EV:  7    Int:  8    God:
Gold:   56         SH:  4    Dex: 10    Spells: 4/4 levels left

rFire   . . .      SeeInvis +   a - +0 war axe
rCold   . . .      Faith    .   c - +0 buckler
rNeg    . . .      Spirit   .   m - +0 chain mail
rPois   .          Reflect  .   (helmet unavailable)
rElec   .          Harm     .   (no cloak)
rCorr   +          Rampage  .   (no gloves)
Will    .....                   (no boots)
Stlth   ..........              (no amulet)
HPRegen 0.13/turn               j - ring of resist corrosion
MPRegen 0.09/turn               (no ring)

@: attractive
A: permanent stasis, dig shafts and tunnels, antennae 3, four strong arms
a: Dig, Shaft Self


You were on level 2 of the Dungeon.
You visited 1 branch of the dungeon, and saw 3 of its levels.

You collected 56 gold pieces.

Inventory:

Hand Weapons
 a - a +0 war axe (weapon)
Missiles
 d - 5 boomerangs
 e - 30 stones
 f - 20 sling bullets
 k - 4 poisoned darts
 p - 17 arrows
Armour
 c - a +0 buckler (worn)
 m - a +0 chain mail (worn)
Jewellery
 j - a ring of resist corrosion (left hand)
Scrolls
 g - 2 scrolls of magic mapping {unknown}
 h - a scroll of enchant armour {unknown}
 i - a scroll of acquirement {unknown}
 l - a scroll of noise {unknown}
 n - a scroll of teleportation {unknown}
 o - a scroll of immolation
 q - a scroll of identify {unknown}
 r - a scroll of fog {unknown}
Potions
 b - 2 potions of attraction


   Skills:
 + Level 3.5 Fighting
 + Level 2.4(2.7) Axes
 + Level 1.0(1.8) Maces & Flails
 + Level 1.1(1.9) Polearms
 * Level 4.0 Armour
 * Level 4.2 Shields
 + Level 1.3 Hexes
 + Level 1.0 Translocations
 + Level 1.3 Evocations


You had 4 spell levels left.
You didn't know any spells.
Your spell library contained the following spells:

 Spells                   Type           Power      Damage    Failure   Level
 Animate Dead             Necr           0%         N/A       100%        4
 Borgnjor's Vile Clutch   Necr/Erth      0%         N/A       100%        5
 Death Channel            Necr           0%         N/A       100%        6


Dungeon Overview and Level Annotations

Branches:
Dungeon (3/15)

Altars:

Annotations:
D:2 Sigmund


Innate Abilities, Weirdness & Mutations

You cannot be hasted, slowed, berserked, paralysed or teleported.
You can dig through walls and to a lower floor.
You have a pair of large antennae on your head. (SInv)
Your four strong arms can wield two-handed weapons with a shield.


Message History

You hit Sigmund.
Sigmund is lightly wounded.
You slash Sigmund!
Sigmund is heavily wounded.
Sigmund hits you but does no damage.
You completely miss Sigmund.
Sigmund is heavily wounded.
Sigmund gestures at you while chanting.
The magic dart hits you but does no damage.
Sigmund hits you but does no damage.
You closely miss Sigmund.
Sigmund is heavily wounded.
Sigmund screams, "You will never...
NEVER!!!"
Sigmund hits you but does no damage.
You slash Sigmund!
Sigmund is almost dead.
Sigmund points at you and mumbles some strange words.
You are confused.
You're too confused to move!
Sigmund casts a spell at you.
The magic dart hits you but does no damage.
You bump into the rock wall.
Sigmund casts a spell at you. You resist with some effort.
You bump into the rock wall.
Sigmund hits you but does no damage.
It was a potion of attraction.
You feel attractive to monsters.
Sigmund points at you and mumbles some strange words.
The magic dart hits you but does no damage.
Sigmund is attracted toward you.
You're too confused to move!
Sigmund gestures at you while chanting. The puff of flame hits you!
* * * LOW HITPOINT WARNING * * *
It was a potion of haste.
Your stasis prevents you from being hasted.
You feel less confused. Sigmund gestures at you while chanting.
The puff of flame hits you!
You die...

#.# #.# #####.# #.# #.# #.#
#...#.####.# #.#
#.######.#........# #.#
##..........#.######
#.#######...#########.# #
######.#.......#.## #.# #
#......#[....##.ยง.########.#
#
............<...@>...).....#
#
......##.....##.@.##########
# #.###.##.....###.)...# #
#.# #.####.### #####.# # #.#
#.# #.# #.# # #.# #.# #.# #.#
# #.# #.# #.# #)############
#.# #.# #.# #.............
#.# #.# #.# #<.........###
#.# #.# #.# ##..........#


You could see Sigmund.

Vanquished Creatures
  Terence (D:2)
  Robin (D:2)
  3 adders (D:2)
  A worm (D:2)
  3 dart slugs
  6 bats
  8 endoplasms
  4 giant cockroaches
  13 goblins
  4 hobgoblins
  5 ball pythons
  A frilled lizard (D:1)
  2 kobolds
  5 rats
57 creatures vanquished.

Notes
Turn   | Place    | Note
-------+----------+-------------------------------------------
     0 | D:1      | Descartes the Formicid Fighter began the quest for the Orb.
     0 | D:1      | Reached XP level 1. HP: 18/18 MP: 1/1
    44 | D:1      | Reached XP level 2. HP: 17/24 MP: 2/2
   459 | D:1      | Reached XP level 3. HP: 25/29 MP: 3/3
   674 | D:1      | Reached skill level 1 in Evocations
   718 | D:2      | Noticed Terence
   726 | D:2      | Killed Terence
   727 | D:2      | Reached XP level 4. HP: 16/35 MP: 4/4
   931 | D:2      | Reached skill level 1 in Hexes
   958 | D:2      | Noticed Robin
   966 | D:2      | Killed Robin
   967 | D:2      | Reached skill level 1 in Polearms
   967 | D:2      | Reached skill level 1 in Translocations
   995 | D:2      | Reached XP level 5. HP: 19/41 MP: 5/5
  1834 | D:3      | Noticed Sigmund
  1874 | D:3      | Reached skill level 1 in Maces & Flails
  1925 | D:3      | Found a faded altar of an unknown god.
  2165 | D:2      | Killed from afar by Sigmund

Illustrated notes

Levels and vault maps discovered:
D:1:      wander_arrival_lonely_grave, layout_rooms
D:2:      layout_loops_ring, uniq_terence, uniq_robin
D:3:      wander_river, layout_loops_ring, hellmonk_ecumenical_altar_blasted,
          serial_shops, nicolae_shop_behind_doors, uniq_jessica, uniq_sigmund

Skill      XL: |  1  2  3  4  5 |
---------------+----------------+-----
Evocations     | 1 |  1.3
Shields        | 4 |  4.2
Hexes          | 1 |  1.3
Polearms       | 1 |  1.1
Translocations | 1 |  1.0
Armour         | 4 |  4.0
Maces & Flails | 1 |  1.0
Fighting       | |  3.5
Axes           | |  2.4

Action                   |  1- 3 |  4- 6 || total
-------------------------+-------+-------++-------
Melee: War axe           |    67 |   111 ||   178
  Use: Potion            |       |     4 ||     4
Armor: Scale mail        |    27 |     2 ||    29
       Skin              |       |    14 ||    14
       Chain mail        |       |    46 ||    46
Dodge: Dodged            |    41 |    32 ||    73
Block: Buckler           |    24 |    26 ||    50
